 Dungeon Crawl Stone Soup version 0.25.1-2-g60ff931df9 (webtiles) character file.

Game seed: 17798830224662214570

3658 Martska the Protected (level 9, -5/82 HPs)
             Began as a Minotaur Fighter on Oct 10, 2020.
             Was a Believer of the Shining One.
             Slain by an orc warrior
             ... wielding a +0 scimitar
              (18 damage)
             ... on level 9 of the Dungeon.
             The game lasted 00:11:41 (6213 turns).

Martska the Protected (Minotaur Fighter)            Turns: 6213, Time: 00:11:43

Health: -5/82      AC: 15    Str: 22    XL:     9   Next: 88%
Magic:  11/11      EV: 15    Int:  5    God:    the Shining One [**....]
Gold:   199        SH:  9    Dex: 12    Spells: 8/8 levels left

rFire    . . .     SeeInvis .   a - +0 war axe
rCold    . . .     Gourm    .   c - +0 kite shield
rNeg     + . .     Faith    .   F - +0 plate armour
rPois    .         Spirit   .   (helmet restricted)
rElec    .         Reflect  .   (no cloak)
rCorr    .         Harm     .   w - +0 pair of gloves
MR       .....                  (no boots)
Stlth    ..........             (no amulet)
HPRegen  0.23/turn              i - +4 ring of evasion
MPRegen  0.12/turn              D - +4 ring of evasion

@: glowing
A: retaliatory headbutt, horns 2
a: Divine Shield, Renounce Religion


You were on level 9 of the Dungeon.
You worshipped the Shining One.
The Shining One was pleased with you.
You were not hungry.

You visited 2 branches of the dungeon, and saw 10 of its levels.

You collected 406 gold pieces.
You spent 207 gold pieces at shops.

Inventory:

Hand Weapons
 a - a +0 war axe (weapon)
 C - a +2 vampiric scythe
 H - the +3 broad axe of Tuobiukh {venom, rElec rN+++ Int+2 Dex-5}
   (You bought it in a shop on level 8 of the Dungeon)

   It poisons the flesh of those it strikes.
   It affects your intelligence (+2).
   It affects your dexterity (-5).
   It insulates you from electricity.
   It renders you almost immune to negative energy.
Armour
 c - a +0 kite shield (worn)
 w - a +0 pair of gloves (worn)
 F - a +0 plate armour (worn)
Jewellery
 i - a +4 ring of evasion (left hand)
 D - a +4 ring of evasion (right hand)
 E - an uncursed ring of protection from fire {unknown}
 I - an uncursed ring of ice {unknown}
Wands
 g - a wand of random effects (18)
 G - a wand of paralysis (6)
 J - a wand of acid (10)
Scrolls
 d - a scroll of summoning {unknown}
 e - a scroll of immolation
 k - a scroll of fear {unknown}
 n - 2 scrolls of blinking {unknown}
 o - 2 scrolls of magic mapping {unknown}
 p - 5 scrolls of teleportation {unknown}
 q - 8 scrolls of remove curse
 s - a scroll of noise {unknown}
 t - 2 scrolls of amnesia {unknown}
 y - 2 scrolls of enchant armour {unknown}
 z - a scroll of brand weapon {unknown}
 B - 3 scrolls of identify {unknown}
Potions
 f - 3 potions of heal wounds {unknown}
 h - 2 potions of ambrosia {unknown}
 j - a potion of flight {unknown}
 l - 3 potions of cancellation {unknown}
 m - 3 potions of degeneration {unknown}
 r - 2 potions of lignification {unknown}
 v - 3 potions of berserk rage {unknown}
 x - 2 potions of brilliance {unknown}
 A - 2 potions of invisibility {unknown}
 K - a potion of curing {unknown}
Comestibles
 b - a chunk of flesh
 u - 8 rations


   Skills:
 * Level 8.4 Fighting
 * Level 8.0 Axes
 * Level 8.4 Armour
 * Level 6.7 Dodging
 - Level 3.6 Shields
 * Level 3.6 Invocations
 + Level 4.4 Evocations


You had 8 spell levels left.
You didn't know any spells.
Your spell library contained the following spells:

 Spells                   Type           Power        Failure   Level  Hunger
 Animate Skeleton         Necr           N/A          100%        1    ##.....
 Apportation              Tloc           #.....       100%        1    ##.....
 Corona                   Hex            #......      100%        1    ##.....
 Summon Small Mammal      Summ           #...         100%        1    ##.....


Dungeon Overview and Level Annotations

Branches:
Dungeon (9/15)             Temple (1/1) D:4
   Lair: D:8-11         Orc: D:9-12

Altars:
Ashenzari
Cheibriados
Dithmenos
Hepliaklqana
Kikubaaqudgha
Makhleb
Nemelex Xobeh
Qazlal
Sif Muna
Trog
Uskayaw
Vehumet
Zin
The Shining One

Shops:
D:8 (   D:9 (

Annotations:
D:9 Erolcha


Innate Abilities, Weirdness & Mutations

You reflexively headbutt those who attack you in melee.
You have a pair of horns on your head.


Message History

Erolcha points at you and mumbles some strange words.
The bolt of cold hits you!
A shadow imp comes into view.
The shadow imp shouts, "Embrace thy failure, thou defiled fly-bitten yak-dropping!"
You hit Erolcha but do no damage.
Erolcha is moderately wounded.
You hit the orc warrior but do no damage.
You hit the bullfrog. You block the bullfrog's attack.
Erolcha casts a spell at you. You resist with some effort.
The bullfrog hits you but does no damage.
You block the orc warrior's attack.
As you read the scroll labeled ZANWEO IBEER, it crumbles to dust.
The creatures around you are filled with an inner flame!
It was a scroll of immolation.
Erolcha hits you with a +0 giant spiked club!
* * * LOW HITPOINT WARNING * * *
The bullfrog hits you but does no damage.
The orc warrior hits you with a +0 scimitar!!
You die...

######.....# #.#
...........# #.##########
########...# #..........####
.......#...###.............#
.......'....................
.......#......########...###
+#######......#......'...#..
............#......#...#..
.........@).#......#...#..
........oOF.#......#...#..
..#####.....#......##..'.. .
#.....#.......#..#..
#.....#########..#..
#.(5.............#..
...............>.###
#....................
..............


You could see Erolcha (fast, inner flame), an orc warrior (inner flame), a
bullfrog (inner flame) and a shadow imp (inner flame).

Vanquished Creatures
  A two-headed ogre (D:8)
  Sigmund (D:6)
  Menkaure (D:4)
  A water moccasin (D:8)
  3 ice beasts
  3 phantoms
  2 ogres
  4 centaurs
  7 bullfrogs
  A water moccasin zombie (D:7)
  2 scorpions (D:5)
  3 howler monkeys
  A centaur zombie (D:8)
  A bullfrog zombie (D:5)
  2 jellies
  3 crimson imps
  3 hounds
  3 orc wizards
  A quasit (D:7)
  2 orc priests
  A gnoll shaman (D:4)
  7 worker ants
  A killer bee zombie (D:5)
  A hound skeleton (D:8)
  3 gnolls (D:4)
  A howler monkey skeleton (D:4)
  6 adders
  2 shadow imps (D:6)
  An adder skeleton (D:7)
  2 worms (D:5)
  3 dart slugs
  5 leopard geckos
  20 orcs
  4 bats
  4 giant cockroaches
  3 goblins
  5 hobgoblins
  6 jackals
  3 quokkas
  3 ball pythons
  A frilled lizard (D:2)
  5 kobolds
  3 rats
135 creatures vanquished.

Vanquished Creatures (others)
  2 fungi (D:9)
2 creatures vanquished.

Grand Total: 137 creatures vanquished

Notes
Turn   | Place    | Note
-------+----------+-------------------------------------------
     0 | D:1      | Martska the Minotaur Fighter began the quest for the Orb.
     0 | D:1      | Reached XP level 1. HP: 19/19 MP: 0/0
   193 | D:1      | Reached XP level 2. HP: 27/27 MP: 1/1
   277 | D:1      | Reached skill level 1 in Dodging
   705 | D:2      | Found a burning altar of Makhleb.
   800 | D:2      | Reached XP level 3. HP: 33/33 MP: 2/2
  1475 | D:3      | Reached XP level 4. HP: 11/41 MP: 3/3
  1821 | D:3      | Reached XP level 5. HP: 47/47 MP: 4/4
  2046 | D:4      | Noticed an ogre
  2159 | D:4      | Noticed a centaur
  2160 | D:4      | Killed an ogre
  2208 | D:4      | Reached skill level 1 in Evocations
  2209 | D:4      | Found a staircase to the Ecumenical Temple.
  2219 | Temple   | Entered the Ecumenical Temple
  2268 | Temple   | Became a worshipper of the Shining One
  2338 | D:4      | Reached skill level 5 in Fighting
  2338 | D:4      | Reached skill level 5 in Armour
  2439 | D:4      | Noticed Menkaure
  2444 | D:4      | Killed Menkaure
  2444 | D:4      | Reached XP level 6. HP: 56/56 MP: 4/6
  2663 | D:4      | Reached XP level 7. HP: 35/61 MP: 7/7
  3007 | D:5      | Entered Level 5 of the Dungeon
  3052 | D:5      | Reached skill level 5 in Axes
  3472 | D:5      | Found a shimmering blue altar of Sif Muna.
  3668 | D:6      | Reached * piety under the Shining One
  3673 | D:6      | Noticed Sigmund
  3683 | D:6      | Killed Sigmund
  3690 | D:6      | Reached XP level 8. HP: 21/71 MP: 9/9
  4198 | D:6      | Noticed a +0 hand axe
  4200 | D:6      | Noticed a +0 hand axe
  4202 | D:6      | Found a hide-covered altar of Uskayaw.
  4308 | D:6      | Reached skill level 5 in Dodging
  4757 | D:7      | Reached skill level 1 in Invocations
  4877 | D:7      | Reached XP level 9. HP: 79/79 MP: 10/10
  5116 | D:7      | Reached ** piety under the Shining One
  5429 | D:8      | Noticed a two-headed ogre
  5440 | D:8      | Killed a two-headed ogre
  5643 | D:8      | Found Deodaces's Antique Weapon Emporium.
  5676 | D:8      | Bought a twisted broad axe for 207 gold pieces
  5676 | D:8      | Identified the cursed +3 broad axe of Tuobiukh {venom,
                  | rElec rN+++ Int+2 Dex-5} (You bought it in a shop on level
                  | 8 of the Dungeon)
  5715 | D:8      | Found a stormy altar of Qazlal.
  6071 | D:9      | Found a hazy altar of Hepliaklqana.
  6078 | D:9      | Found a bloodstained altar of Trog.
  6140 | D:9      | Found Egetrear's Weapon Shop.
  6203 | D:9      | Noticed Erolcha
  6213 | D:9      | Slain by an orc warrior

Illustrated notes

Levels and vault maps discovered:
D:1:      lightli_arrival_lavapool, layout_rooms, serial_co_window_serial,
          co_window_of_opportunity_a, co_window_paths_a, co_window_corner_a,
          co_window_corner_a, co_window_corner_a, co_window_of_opportunity_c,
          co_window_2corner, co_window_2corner, glass_columns_a,
          glass_columns_a, glass_columns_a, glass_columns_a, glass_columns_b,
          serial_park_tiny_pond
D:2:      layout_loops_corners, bloody_makhleb
D:3:      layout_rooms
D:4:      layout_gridville, minmay_temple_entry_steel_oval, first_ration,
          uniq_menkaure
D:5:      layout_cave_pools, led_sif_pool, minmay_crystal_water
D:6:      layout_loops_cross, dancing_weapons_uskayaw, minmay_starry_boxes,
          uniq_sigmund
D:7:      layout_basic
D:8:      layout_gridville, kennysheep_mini_moat, serial_shops, shop
D:9:      layout_irregular_city, grunt_temple_overflow_open,
          nicolae_overflow_hidden_temple, due_lair_maze_entry_diamond,
          serial_shops, nicolae_shop_window_shopping, shop, uniq_erolcha
Temple:   dpeg_chambers_temple

Skill      XL: |  1  2  3  4  5  6  7  8  9 |
---------------+----------------------------+-----
Dodging        | 1 2 3 4 5 6 |  6.7
Fighting       | 4 5 6 7 8 |  8.4
Armour         | 4 5 6 7 8 |  8.4
Axes           | 3 4 5 6 8 |  8.0
Evocations     | 1 3 4 |  4.4
Invocations    | 1 3 |  3.6
Shields        | |  3.6

Action                   |  1- 3 |  4- 6 |  7- 9 || total
-------------------------+-------+-------+-------++-------
Melee: War axe           |    81 |    61 |   193 ||   335
       Headbutt          |    12 |    11 |    35 ||    58
Evoke: Wand              |       |     5 |       ||     5
  Use: Potion            |       |       |     2 ||     2
       Scroll            |       |       |     2 ||     2
  Eat: Chunk             |     2 |       |    12 ||    14
       Ration            |       |     1 |       ||     1
Armor: Scale mail        |    34 |    16 |    37 ||    87
       Plate armour      |       |       |     4 ||     4
Dodge: Dodged            |    35 |    33 |   124 ||   192
Block: Kite shield       |    46 |    42 |    90 ||   178
